 Dungeon Crawl Stone Soup version 0.31.0-32-g396128a36d (webtiles) character file.

Game seed: 6229840978517607767

1625 GlitterCritter the Geomancer (level 9, -2/50 HPs)
             Began as a Kobold Earth Elementalist on Mar 19, 2024.
             Was a Believer of Cheibriados.
             Slain by a yak (6 damage)
             ... on level 6 of the Dungeon.
             The game lasted 00:10:17 (6839 turns).

GlitterCritter the Geomancer (KoEE)                 Turns: 6839, Time: 00:10:18

Health: -2/50      AC:  3    Str:  9    XL:     9   Next: 17%
Magic:  4/12       EV: 15    Int: 24    God:    Cheibriados [**....]
Gold:   307        SH:  0    Dex: 20    Spells: 4/12 levels left

rFire   + . .        t - +0 dagger (venom)
rCold   . . .        (no shield)
rNeg    . . .        a - +0 robe
rPois   .            i - +0 helmet
rElec   .            (no cloak)
rCorr   .            (no gloves)
SInv    .            (no boots)
Will    +....        (no amulet)
Stlth   +++          W - ring of willpower
HPRegen 0.28/turn    F - ring of protection from fire
MPRegen 0.13/turn

%: no passive effects
@: very slow
A: small, no large weapons, nightstalker 3
a: Renounce Religion, Bend Time


You were on level 6 of the Dungeon.
You worshipped Cheibriados.
Cheibriados was pleased with you.
You visited 1 branch of the dungeon, and saw 6 of its levels.

You collected 307 gold pieces.


Innate Abilities, Weirdness & Mutations

You are small and have problems with some larger weapons.
You are completely attuned to the shadows.


   Skills:
 - Level 3.0 Fighting
 - Level 4.0 Maces & Flails
 - Level 2.4 Dodging
 - Level 2.6 Stealth
 - Level 2.1 Spellcasting
 - Level 3.0 Conjurations
 - Level 9.0 Earth Magic
 + Level 3.1 Alchemy


You had 4 spell levels left.
You knew the following spells:

 Your Spells              Type           Power      Damage    Failure   Level
p - Petrify               Alch/Erth      31%        N/A       10%         4
w - Stone Arrow           Conj/Erth      62%        3d10      3%          3
z - Sandblast             Erth           90%        2d19      1%          1

Your spell library contained the following spells:

 Spells                   Type           Power      Damage    Failure   Level
 Passwall                 Erth           45%        N/A       1%          3
 Brom's Barrelling Bould  Conj/Erth      31%        2d5       10%         4
 Summon Blazeheart Golem  Fire/Summ      2%         N/A       75%         4
 Orb of Destruction       Conj           8%         9d6       100%        7
 Spellforged Servitor     Conj/Summ      4%         N/A       100%        7

Inventory:

Hand Weapons
 k - the +9 whip "Hyugovon" {spect, +Blink rC- rN+++ Str-5}
   (You found it on level 2 of the Dungeon)

   Str-5:     It affects your strength (-5).
   rC-:       It makes you vulnerable to cold.
   rN+++:     It renders you almost immune to negative energy.
   +Blink:    It lets you blink.
 s - a +2 whip of electrocution
 t - a +0 dagger of venom (weapon)
Armour
 a - a +0 robe (worn)
 i - a +0 helmet (worn)
 G - a +0 pair of boots
Jewellery
 f - a ring of protection from fire
 w - a ring of willpower
 y - a ring of willpower
 C - a ring of protection from cold
 E - a ring of willpower
 F - a ring of protection from fire (right hand)
 W - a ring of willpower (left hand)
Wands
 o - a wand of iceblast (12)
 x - a wand of flame (29)
Scrolls
 d - 3 scrolls of noise {unknown}
 h - 10 scrolls of identify {unknown}
 l - a scroll of fear
 m - 2 scrolls of teleportation {unknown}
 p - 3 scrolls of immolation {unknown}
 v - a scroll of blinking {unknown}
 z - a scroll of amnesia {unknown}
Potions
 b - 2 potions of magic
 c - a potion of enlightenment {unknown}
 e - a potion of invisibility {unknown}
 g - 2 potions of haste {@q3}
 j - a potion of ambrosia {unknown}
 n - a potion of lignification {unknown}
 q - a potion of resistance
 r - a potion of experience {unknown}
 u - a potion of cancellation {unknown}
 A - a potion of heal wounds {@q2}
 B - a potion of brilliance {unknown}
 D - a potion of mutation {unknown}

Dungeon Overview and Level Annotations

Branches:
Dungeon (6/15)
 Temple: D:4-7

Altars:
Ashenzari
Cheibriados
Gozag
Makhleb
The Shining One

Shops:
D:2 (

Annotations:
D:2 Terence

#)#
#...........#.Y.........#
#.#
#####.Y.#######..######.#
#.# ###...........)# #.#
#.. .....########..# #.#
####Y# #..# #.# #Y# #..#
#.# #.# #..# #.#
##Y########..# ####.##
#.#.Y@.......# #...>..
##.########.## #......
### #.# #......
#.####...... #.†.........
######...... #......
#######


You could see 2 yaks.


Message History

You need to enable at least one skill for training.
Unknown command.
Casting: Stone Arrow (dangerous; 3% risk of failure)
Confirm with . or Enter, or press ? or * to list all spells.
Okay, then.
Unknown command.
Your +0 dagger of venom begins to drip with poison!
t - a +0 dagger of venom (weapon)
Casting: Stone Arrow (dangerous; 3% risk of failure)
Confirm with . or Enter, or press ? or * to list all spells.
Aiming: Petrify (dangerous; 10% risk of failure)
Press: ? - help, Shift-Dir - straight line, f/p - yak
Aim: a yak (chance to affect: 61%)
The yak resists with significant effort.
The yak is moving more slowly.
The yak gores you!
* * * LOW HITPOINT WARNING * * *
Casting: Petrify (dangerous; 10% risk of failure)
Confirm with . or Enter, or press ? or * to list all spells.
You don't have enough magic to cast this spell.
Unknown command.
Casting: Petrify (dangerous; 10% risk of failure)
Confirm with . or Enter, or press ? or * to list all spells.
You don't have enough magic to cast this spell.
Unknown command.
Unknown command.
The yak stops moving altogether!
The yak closely misses you.
You hit the yak.
The yak is poisoned.
The yak is lightly wounded.
The yak gores you.
You die...

Skill      XL: |  1  2  3  4  5  6  7  8  9 |
---------------+----------------------------+-----
Fighting       | 1 2 3 |  3.0
Conjurations   | 2 3 |  3.0
Maces & Flails | 2 3 4 |  4.0
Earth Magic    | 4 6 9 |  9.0
Alchemy        | 1 3 |  3.1
Dodging        | |  2.4
Stealth        | |  2.6
Spellcasting   | |  2.1

Action                     |  1- 3 |  4- 6 |  7- 9 || total
---------------------------+-------+-------+-------++-------
  Melee: Unarmed           |     3 |       |       ||     3
         Long sword        |    75 |    23 |       ||    98
         Punch             |     2 |       |       ||     2
         Whip              |       |    79 |   127 ||   206
         Dagger            |       |       |     1 ||     1
   Cast: Sandblast         |    13 |    12 |     1 ||    26
         Stone Arrow       |       |       |     2 ||     2
         Petrify           |       |       |     1 ||     1
    Use: Potion            |       |       |     3 ||     3
         Scroll            |       |       |     2 ||     2
   Stab: Sleeping          |     7 |    11 |    10 ||    28
         Distracted        |       |     1 |     4 ||     5
 Armour: Robe              |    38 |    42 |    56 ||   136
  Dodge: Dodged            |    68 |    67 |    85 ||   220

Levels and vault maps discovered:
D:1:      dpeg_arrival_prison, layout_loops_ring, minmay_misc_feat_pillars
D:2:      layout_rooms, serial_shops, shop, nicolae_figureground_sparkle,
          uniq_terence
D:3:      layout_basic, mainiacjoe_overflow_six_doors_small,
          nicolae_overflow_hidden_temple, hellmonk_ecumenical_altar_dog_temple,
          minivault_19, cheibrodos_gnoll_hut
D:4:      old_forge, layout_basic, mainiacjoe_overflow_cross_hatched,
          hangedman_decor_peaks_small
D:5:      layout_basic, lemuel_crystal_altar, nicolae_ashenzari_skybound
D:6:      nicolae_cairo_tiling, layout_loops_ring

Notes
Turn   | Place    | Note
-------+----------+-------------------------------------------
     0 | D:1      | GlitterCritter the Kobold Earth Elementalist began the
                  | quest for the Orb.
     0 | D:1      | Reached XP level 1. HP: 10/10 MP: 3/3
   173 | D:1      | Reached skill level 1 in Fighting
   289 | D:1      | Reached XP level 2. HP: 16/16 MP: 5/5
   362 | D:1      | Reached skill level 2 in Fighting
   896 | D:1      | Reached XP level 3. HP: 19/21 MP: 6/6
   923 | D:1      | Reached skill level 2 in Conjurations
  1200 | D:2      | Found Ulav's Weapon Shop.
  1216 | D:2      | Noticed Terence
  1341 | D:2      | Identified the +9 whip "Hyugovon" {spect, +Blink rC- rN+++
                  | Str-5}
  1477 | D:2      | Reached XP level 4. HP: 26/26 MP: 7/7
  1967 | D:3      | Reached skill level 3 in Conjurations
  1987 | D:3      | Found a glowing golden altar of the Shining One.
  2099 | D:3      | Found a burning altar of Makhleb.
  2219 | D:3      | Reached skill level 1 in Maces & Flails
  2265 | D:3      | Reached skill level 2 in Maces & Flails
  2265 | D:3      | Reached XP level 5. HP: 30/30 MP: 5/8
  2380 | D:3      | Identified the orb of the Earth {*Rage, Fly Str+2 Fire
                  | Earth}
  2502 | D:3      | Found a faded altar of an unknown god.
  2888 | D:4      | Reached skill level 3 in Maces & Flails
  2959 | D:4      | Reached XP level 6. HP: 14/35 MP: 9/9
  2968 | D:4      | Reached skill level 4 in Maces & Flails
  3186 | D:4      | Found a snail-covered altar of Cheibriados.
  3252 | D:4      | Became a worshipper of Cheibriados the Contemplative
  3804 | D:4      | Reached skill level 4 in Earth Magic
  3809 | D:4      | Reached XP level 7. HP: 24/40 MP: 10/10
  3829 | D:4      | Found the +11 Singing Sword {sonic wave}
  4028 | D:4      | Reached skill level 5 in Earth Magic
  4188 | D:5      | Entered Level 5 of the Dungeon
  4202 | D:5      | Found a broken altar of Ashenzari.
  4437 | D:5      | Reached skill level 6 in Earth Magic
  4541 | D:5      | Reached * piety under Cheibriados
  4676 | D:5      | Found an opulent altar of Gozag.
  5087 | D:5      | Reached XP level 8. HP: 44/44 MP: 11/11
  5480 | D:6      | Reached skill level 7 in Earth Magic
  5782 | D:6      | Reached skill level 8 in Earth Magic
  6600 | D:6      | Noticed a yak
  6600 | D:6      | Noticed a yak
  6608 | D:6      | Noticed a yak
  6609 | D:6      | Killed a yak
  6609 | D:6      | Noticed a yak
  6611 | D:6      | Noticed a yak
  6621 | D:6      | HP: 2/44 [yak (16)]
  6623 | D:6      | Identified 2 potions of resistance
  6681 | D:6      | Learned a level 3 spell: Stone Arrow
  6686 | D:6      | Learned a level 4 spell: Petrify
  6728 | D:6      | Reached skill level 9 in Earth Magic
  6728 | D:6      | Reached skill level 1 in Alchemy
  6728 | D:6      | Reached XP level 9. HP: 43/48 MP: 12/12
  6772 | D:6      | Reached skill level 2 in Alchemy
  6834 | D:6      | Reached ** piety under Cheibriados
  6835 | D:6      | Reached skill level 3 in Alchemy
  6835 | D:6      | Reached skill level 3 in Fighting
  6836 | D:6      | HP: 3/50 [yak (9)]
  6839 | D:6      | Slain by a yak

Vanquished Creatures
  2 yaks (D:6)
  A centaur (D:6)
  A phantom (D:6)
  A bullfrog (D:6)
  6 scorpions
  3 wights (D:6)
  A howler monkey (D:4)
  A bombardier beetle (D:5)
  A gnoll bouda (D:6)
  4 hounds
  An orc priest (D:4)
  A sleepcap (D:4)
  5 iguanas
  5 gnolls
  8 adders
  2 dart slugs
  A ribbon worm (D:2)
  8 orcs
  6 endoplasms
  3 giant cockroaches
  8 goblins
  5 hobgoblins
  4 jackals
  5 kobolds
  6 quokkas
  7 ball pythons
  4 bats
  5 frilled lizards
  4 rats (D:1)
109 creatures vanquished.

Table legend: (Time is in decaauts)
 A = Elapsed time spent in this place.
 B = Non-inter-level travel time spent in this place.
 C = Inter-level travel time spent in this place.
 D = Time resting spent in this place.
 E = Time spent auto-exploring this place.
 F = Levels seen in this place.
 G = Mean time per level.
                   A        B        C        D        E       F      G
               +--------+--------+--------+--------+--------+-----+--------+
         Total |   7715 |   7556 |    159 |   1020 |   5453 |   6 | 1285.8 |
       Dungeon |   7715 |   7556 |    159 |   1020 |   5453 |   6 | 1285.8 |
               +--------+--------+--------+--------+--------+-----+--------+

Top non-repeatable levels by time:
     D:5: 1882 daAuts
     D:4: 1510 daAuts
     D:6: 1442 daAuts
     D:1: 1205 daAuts
     D:3: 928 daAuts
     D:2: 746 daAuts

Table legend:
 A = Non-vault XP
 B = Vault XP
 C = Vault XP percentage of total XP
 D = Non-vault monster count
 E = Vault monster count
 F = Vault count percentage of total count
                 A         B        C        D         E       F
            +---------+---------+-------+---------+---------+-------
      Total |    1862 |     460 |  19.8 |      94 |      15 |  13.8
            +---------+---------+-------+---------+---------+-------
        D:1 |      30 |       6 |  16.7 |      19 |       4 |  17.4
        D:2 |      37 |       0 |   0.0 |      15 |       0 |   0.0
        D:3 |      33 |     101 |  75.4 |      12 |       5 |  29.4
        D:4 |     240 |     353 |  59.5 |      20 |       6 |  23.1
        D:5 |     286 |       0 |   0.0 |       9 |       0 |   0.0
        D:6 |    1236 |       0 |   0.0 |      19 |       0 |   0.0
            +---------+---------+-------+---------+---------+-------
